 Dungeon Crawl Stone Soup version 0.17.0-22-g5edae84 (webtiles) character file.

32 inmateoo the Scratcher (level 3, 0/15 HPs)
             Began as a Felid Transmuter on Nov 12, 2015.
             Slain by an adder (4 damage)
             ... on level 2 of the Dungeon.
             The game lasted 00:03:13 (1390 turns).

inmateoo the Scratcher (Felid Transmuter)           Turns: 1390, Time: 00:03:13

Health: 0/15       AC:  1    Str:  6    XL:     3   Next: 8%
Magic:  6/7        EV: 18    Int: 14    God:
Gold:   42         SH:  0    Dex: 17    Spells: 1 memorised, 5 levels left
                                        Lives:  0   Deaths: 0

rFire  . . .     SeeInvis +       - Unarmed
rCold  + . .     Clarity  .     (armour unavailable)
rNeg   . . .     SustAt   .     (shield unavailable)
rPois  .         Gourm    .     (helmet unavailable)
rElec  .         Spirit   .     (cloak unavailable)
rCorr  .         Warding  .     (gloves unavailable)
rMut   .         Stasis   .     (boots unavailable)
MR     .....                    (no amulet)
Stlth  ++........               (no ring)
                                h - ring of protection from cold

@: lethally poisoned (0 -> -9), appendage, quick, not resistant to hostile
enchantments, unstealthy
A: no armour, no weapons or thrown items, claws 1, fangs 3, horns 2, see
invisible, carnivore 3, speed 1, shaggy fur 1, slow metabolism 1, sharp paws
a: End Transformation


You were on level 2 of the Dungeon.
You were completely stuffed.
You had grown temporary horns.
You visited 1 branch of the dungeon, and saw 2 of its levels.

You collected 42 gold pieces.

Inventory:

Missiles
 a - 52 arrows
Jewellery
 h - a ring of protection from cold (left paw)
Scrolls
 e - a scroll of remove curse {unknown}
 g - a scroll of fog {unknown}
 l - 2 scrolls of teleportation {unknown}
 n - a scroll of identify {unknown}
 o - a scroll of magic mapping {unknown}
 p - a scroll of noise {unknown}
 q - 3 scrolls of enchant armour {unknown}
Potions
 d - a potion of lignification {unknown}
 f - a potion of agility {unknown}
 i - 2 potions of mutation {unknown}
 j - a potion of brilliance {unknown}
 k - a potion of curing {unknown}
 m - a potion of ambrosia {unknown}
Books
 b - a book of Changes

   Spells                             Type                      Level
   a - Beastly Appendage              Transmutation                1
   b - Sticks to Snakes               Transmutation                2
   c - Spider Form                    Transmutation/Poison         3
   d - Ice Form                       Ice/Transmutation            4
   e - Blade Hands                    Transmutation                5
Comestibles
 c - 2 meat rations


   Skills:
 + Level 1.4 Fighting
 + Level 3.0 Dodging
 * Level 3.4 Unarmed Combat
 + Level 2.2 Spellcasting
 + Level 2.8 Transmutations


You had 5 spell levels left.
You knew the following spells:

 Your Spells              Type           Power        Failure   Level  Hunger
a - Beastly Appendage     Trmt           #.....       10%         1    #......


Dungeon Overview and Level Annotations

Branches:
Dungeon (2/15)

Altars:


Innate Abilities, Weirdness & Mutations

You cannot wear armour.
You are incapable of wielding weapons or throwing items.
You have sharp claws.
You have razor-sharp teeth.
You have supernaturally acute eyesight.
You are carnivorous and can eat meat at any time.
You cover ground quickly.
You are covered in fur (AC +1).
You have a slow metabolism.
Your sharp claws are effective at attacking unaware monsters.
You have a pair of horns on your head.


Message History

You feel sick. The adder completely misses you.
You barely miss the adder. Your claw misses the adder.
The adder is heavily wounded.
The adder bites you.
You are lethally poisoned!
The adder poisons you!
You barely miss the adder. You bite the adder.
The adder is severely wounded.
* * * LOW HITPOINT WARNING * * *
You feel sick. The adder completely misses you.
Unknown command.
Casting: Beastly Appendage
Confirm with . or Enter, or press ? or * to list all spells.
You grow a pair of large bovine horns.
The adder misses you. The adder closely misses you.
You completely miss the adder.
The adder is severely wounded.
* * * LOW HITPOINT WARNING * * *
You feel sick. The adder bites you.
You die...

##### #.#.#######
#############.#.@S....#
..............#.#####.#
#############.#.#...#.# ...#
#.#.#.(.#.# ##.#####
#.#.#.###.# .......#
#.#.#.....#######
.....#.######.#.#.#.........#
...#.#........#....<..#####.#
####.##########.#.###.#####.#


You could see an adder.

Vanquished Creatures
  An adder (D:2)
  4 giant cockroaches
  3 goblins
  3 hobgoblins (D:1)
  A bat (D:2)
  A giant newt (D:2)
  6 kobolds
  5 rats
24 creatures vanquished.

Notes
Turn   | Place    | Note
--------------------------------------------------------------
     0 | D:1      | inmateoo the Felid Transmuter began the quest for the Orb.
     0 | D:1      | Reached XP level 1. HP: 9/9 MP: 4/4
   320 | D:1      | Reached XP level 2. HP: 12/12 MP: 6/6
   955 | D:2      | Reached XP level 3. HP: 2/15 MP: 5/7
  1390 | D:2      | Slain by an adder

Action                   || total
-------------------------++-------
Melee: Unarmed           ||    72
 Cast: Beastly Appendage ||     4
 Stab: Sleeping          ||     2
  Eat: Chunk             ||     8
